 Dungeon Crawl Stone Soup version 0.26.1-10-gdfb7c7de75 (webtiles) character file.

Game seed: 18079523132033474765

46587 Almogavar the Cleaver (level 14, -3/108 HPs)
             Began as a Gnoll Wanderer on Mar 31, 2021.
             Was the Champion of Okawaru.
             Slain by a death yak (21 damage)
             ... on level 5 of the Lair of Beasts.
             The game lasted 01:38:02 (26704 turns).

Almogavar the Cleaver (Gnoll Wanderer)             Turns: 26704, Time: 01:38:03

Health: -3/108     AC: 21    Str: 25    XL:     14   Next: 38%
Magic:  20/36      EV: 17    Int: 35    God:    Okawaru [******]
Gold:   840        SH: 13    Dex: 15    Spells: 25/32 levels left

rFire    . . .     SeeInvis +   I - +3 mace "Uluh" {protect, rF- Int+7}
rCold    . . .     Faith    +   x - +7 buckler of the Valley of Death {Str-2 Int+5 SInv}
rNeg     + + .     Spirit   .   d - +2 ring mail {rPois}
rPois    +         Reflect  .   L - +1 hat "Ler Nose" {rF+ rN+}
rElec    .         Harm     .   O - +0 cloak {rCorr}
rCorr    +         Rampage  .   a - +0 pair of gloves {Str+3}
Will     +....                  V - +0 pair of boots
Stlth    ++++......             T - amulet of Libeak {Faith *Contam *Slow rN+ Int+7}
HPRegen  0.28/turn              K - ring of magical power
MPRegen  0.25/turn              B - +6 ring of strength

@: protection aura
A: distributed training, fangs 1, strong nose
a: Renounce Religion, Heroism, Finesse


You were on level 5 of the Lair of Beasts.
You worshipped Okawaru.
Okawaru was exalted by your worship.
You visited 3 branches of the dungeon, and saw 17 of its levels.

You collected 840 gold pieces.

Inventory:

Hand Weapons
 y - a +7 war axe
 I - the +3 mace "Uluh" (weapon) {protect, rF- Int+7}
   (You found it on level 9 of the Dungeon)

   It grants its wielder temporary protection when it strikes (+7 to AC).
   It affects your intelligence (+7).
   It makes you vulnerable to fire.
 Y - the +6 dire flail of Peskuc {flame, *Rage rF++ Str+4 Dex+4, unknown}
   (Okawaru gifted it to you on level 4 of the Lair of Beasts)

   It has been specially enchanted to burn those struck by it, causing extra
   injury to most foes and up to half again as much damage against particularly
   susceptible opponents.
   It affects your strength (+4).
   It affects your dexterity (+4).
   It greatly protects you from fire.
   It may make you go berserk in combat.
Armour
 a - a +0 pair of gloves of strength (worn)
 d - a +2 ring mail of poison resistance (worn)
 t - a +0 chain mail
 x - the +7 buckler of the Valley of Death (worn) {Str-2 Int+5 SInv}
   (You acquired it on level 10 of the Dungeon)

   It affects your strength (-2).
   It affects your intelligence (+5).
   It lets you see invisible.
 A - a +2 ring mail of cold resistance
 J - +0 steam dragon scales
 L - the +1 hat "Ler Nose" (worn) {rF+ rN+}
   (You found it on level 5 of the Lair of Beasts)

   It protects you from fire.
   It protects you from negative energy.
 O - a +0 cloak of preservation (worn)
 V - a +0 pair of boots (worn)
Jewellery
 o - a +4 ring of protection
 r - an uncursed ring of protection from cold
 s - an uncursed ring of protection from fire
 B - a +6 ring of strength (right hand)
 F - a +6 ring of intelligence
 G - an uncursed amulet of guardian spirit
 K - a ring of magical power (left hand)
 T - the amulet of Libeak (around neck) {Faith *Contam *Slow rN+ Int+7}
   (You found it on level 5 of the Lair of Beasts)

   [amulet of faith]

   It allows you to gain divine favour quickly.
   It affects your intelligence (+7).
   It protects you from negative energy.
   It causes magical contamination when unequipped.
   It may slow you when you take damage.
 W - an uncursed ring of magical power
Wands
 h - a wand of enslavement (8)
 D - a wand of polymorph (13)
 H - a wand of flame (16)
 N - a wand of acid (8)
 P - a wand of iceblast (16)
 U - a wand of paralysis (8)
Scrolls
 c - 13 scrolls of teleportation
 f - 2 scrolls of enchant armour
 j - 4 scrolls of remove curse
 m - 3 scrolls of enchant weapon
 p - 2 scrolls of blinking
 u - 3 scrolls of magic mapping
 w - 4 scrolls of amnesia
 Q - a scroll of noise {unknown}
 R - 3 scrolls of silence {unknown}
Potions
 b - a potion of heal wounds
 e - 2 potions of berserk rage
 g - 3 potions of brilliance
 i - 4 potions of haste
 k - 6 potions of curing
 l - 4 potions of might
 q - 2 potions of magic
 z - 2 potions of cancellation {unknown}
 C - 2 potions of resistance {unknown}
 S - a potion of invisibility {unknown}
 Z - a potion of lignification {unknown}


   Skills:
 + Level 9.5 Fighting
 + Level 9.2 Short Blades
 + Level 9.2 Long Blades
 + Level 10.2 Axes
 + Level 9.2 Maces & Flails
 + Level 9.2 Polearms
 + Level 9.2 Staves
 + Level 9.2 Slings
 + Level 9.2 Bows
 + Level 9.2 Crossbows
 + Level 9.5 Throwing
 + Level 9.2 Armour
 + Level 9.2 Dodging
 + Level 9.2 Stealth
 + Level 9.5 Shields
 + Level 9.2 Unarmed Combat
 + Level 9.6 Spellcasting
 + Level 7.6 Conjurations
 + Level 7.6 Hexes
 + Level 7.6 Summonings
 + Level 8.6 Necromancy
 + Level 7.6 Translocations
 + Level 7.6 Transmutations
 + Level 7.6 Fire Magic
 + Level 7.6 Ice Magic
 + Level 7.6 Air Magic
 + Level 7.6 Earth Magic
 + Level 8.6 Poison Magic
 + Level 10.0 Invocations
 + Level 9.2 Evocations


You had 25 spell levels left.
You knew the following spells:

 Your Spells              Type           Power        Failure   Level
a - Sting                 Tmut/Pois      100%         1%          1
b - Poisonous Vapours     Pois/Air       100%         1%          2
c - Mephitic Cloud        Conj/Pois/Air  64%          1%          3
d - Animate Skeleton      Necr           100%         1%          1

Your spell library contained the following spells:

 Spells                   Type           Power        Failure   Level
 Apportation              Tloc           100%         1%          1
 Corona                   Hex            70%          1%          1
 Freeze                   Ice            100%         1%          1
 Summon Small Mammal      Summ           100%         1%          1
 Ensorcelled Hibernation  Hex/Ice        100%         1%          2
 Confusing Touch          Hex            63%          1%          3
 Dazzling Flash           Conj/Hex       100%         1%          3
 Frozen Ramparts          Ice            100%         1%          3
 Gell's Gravitas          Tloc           31%          1%          3
 Ignite Poison            Fire/Tmut/Pois 64%          1%          3
 Tukima's Dance           Hex            63%          1%          3
 Olgreb's Toxic Radiance  Pois           67%          1%          4
 Petrify                  Tmut/Erth      63%          1%          4
 Bolt of Magma            Conj/Fire/Erth 31%          4%          5
 Iskenderun's Battlesphe  Conj           63%          4%          5
 Metabolic Englaciation   Hex/Ice        31%          4%          5
 Yara's Violent Unravell  Hex/Tmut       31%          4%          5
 Iron Shot                Conj/Erth      31%          24%         6
 Orb of Destruction       Conj           31%          80%         7
 Spellforged Servitor     Conj/Summ      31%          80%         7


Dungeon Overview and Level Annotations

Branches:
Dungeon (10/15)            Temple (1/1) D:5            Lair (6/6) D:8
  Swamp (0/4) Lair:2        Snake (0/4) Lair:3        Slime (0/5) Lair:5
    Orc: D:9-12

Altars:
Ashenzari
Cheibriados
Dithmenos
Elyvilon
Fedhas
Gozag
Hepliaklqana
Kikubaaqudgha
Makhleb
Nemelex Xobeh
Okawaru
Qazlal
Ru
Trog
Uskayaw
Vehumet
Yredelemnul
Zin
The Shining One
Jiyva

Shops:
D:6 :}   D:10 *


Innate Abilities, Weirdness & Mutations

Your experience applies equally to all skills.
You have very sharp teeth.
Your uncanny sense of smell can sniff out nearby items.


Message History

Unknown command.
Casting: Mephitic Cloud (safe; 1% risk of failure)
Confirm with . or Enter, or press ? or * to list all spells.
Aiming: Sting (safe; 1% risk of failure)
Press: ? - help, Shift-Dir - straight line, f/p - death yak
Aim: a death yak (noxious fumes, heavily wounded, 8% to evade)
The sting hits the death yak but does no damage.
The death yak is poisoned.
The death yak is heavily wounded.
The death yak is engulfed in noxious fumes.
The death yak barely misses you.
You hit the death yak but do no damage.
The death yak is heavily wounded.
The death yak is engulfed in noxious fumes.
The death yak appears confused.
You thump the death yak! You bite the death yak.
The death yak is severely wounded.
The death yak is engulfed in noxious fumes.
The death yak gores you!!
You die...

#.....#..#.########..###
##..........##..##...##
#P...................###
###...#......###........###
#.......#.#### ##....P....#
#.#...#####.# #....#≈≈≈...
##.........######..####≈≈≈.
#.#....☼☼°.##.P...######≈≈
#####..§°@.#........#####≈
#..§Y☼............####
#...................##
###...............[#...
###.#................#...
#.#...P............##....
##................#......
#.....P#.....)...........
#..P#...#.#.(.....#P.....


You could see a death yak (confused, poisoned).

Vanquished Creatures
  Fannar (Lair:2)
  A hydra (Lair:6)
  4 boulder beetles
  8 death yaks
  Pikel (D:3)
  A bog body (Lair:2)
  4 elephants (Lair:4)
  A torpor snail (Lair:5)
  8 black mambas
  28 cane toads
  3 rime drakes
  Maggie (D:9)
  11 komodo dragons
  A hornet (D:9)
  2 trolls
  2 jumping spiders (Lair:5)
  Grinder (D:6)
  5 polar bears
  Prince Ribbit (D:4)
  22 blink frogs
  A redback (Lair:5)
  A tarantella (Lair:5)
  5 wyverns
  Sigmund (D:2)
  6 basilisks
  24 yaks
  A steam dragon (D:8)
  6 vampire mosquitoes
  Menkaure (D:5)
  A naga (Lair:3)
  13 water moccasins
  2 orc warriors
  3 sky beasts
  3 ice beasts
  2 black bears
  4 phantoms
  3 centaurs
  6 ogres
  16 wolves
  2 lemures (D:3)
  A big kobold (D:9)
  23 bullfrogs
  A wyvern zombie (D:10)
  7 scorpions
  9 killer bees
  6 wights (D:6)
  6 howler monkeys
  An electric eel (Lair:2)
  A quasit (D:6)
  A bullfrog zombie (D:10)
  A hound (D:9)
  4 jellies
  6 orc priests
  A bullfrog skeleton (D:4)
  Ijyb (D:5)
  3 iguanas
  10 orc wizards
  A hell rat (Lair:6)
  5 worker ants
  A hound zombie (D:5)
  A howler monkey skeleton (D:8)
  A howler monkey zombie (D:7)
  8 adders
  3 shadow imps
  2 white imps
  2 ufetubi (D:8)
  3 oozes
  2 adder skeletons
  An adder zombie (D:5)
  5 worms
  3 dart slugs
  4 leopard geckos
  32 orcs
  3 giant cockroaches
  11 goblins
  7 hobgoblins
  17 jackals
  16 kobolds
  6 quokkas
  A ball python (D:3)
  9 bats
  5 frilled lizards
  A jackal skeleton (D:3)
  A quokka skeleton (D:4)
  A quokka zombie (D:7)
  8 rats
  2 bushes
451 creatures vanquished.

Vanquished Creatures (others)
  3 wolves (Lair:5)
  43 fungi
  130 plants
176 creatures vanquished.

Grand Total: 627 creatures vanquished

Notes
Turn   | Place    | Note
-------+----------+-------------------------------------------
     0 | D:1      | Almogavar the Gnoll Wanderer began the quest for the Orb.
     0 | D:1      | Almogavar set off with the following items: a +0 club, a
                  | scroll of teleportation, a +0 robe; and the following
                  | spells available to memorise: Sting, Poisonous Vapours,
                  | Freeze, Ignite Poison, Mephitic Cloud, Olgreb's Toxic
                  | Radiance, Frozen Ramparts
     0 | D:1      | Reached XP level 1. HP: 17/17 MP: 4/4
   240 | D:1      | Learned a level 1 spell: Sting
   372 | D:1      | Reached XP level 2. HP: 13/23 MP: 3/5
  1417 | D:2      | Reached XP level 3. HP: 22/28 MP: 4/7
  1460 | D:2      | Reached skill level 1 in Invocations
  2211 | D:2      | Reached skill level 1 in Short Blades
  2211 | D:2      | Reached skill level 1 in Long Blades
  2211 | D:2      | Reached skill level 1 in Maces & Flails
  2211 | D:2      | Reached skill level 1 in Polearms
  2211 | D:2      | Reached skill level 1 in Staves
  2211 | D:2      | Reached skill level 1 in Slings
  2211 | D:2      | Reached skill level 1 in Bows
  2211 | D:2      | Reached skill level 1 in Crossbows
  2211 | D:2      | Reached skill level 1 in Armour
  2211 | D:2      | Reached skill level 1 in Dodging
  2211 | D:2      | Reached skill level 1 in Stealth
  2211 | D:2      | Reached skill level 1 in Unarmed Combat
  2211 | D:2      | Reached skill level 1 in Evocations
  2538 | D:2      | Noticed Sigmund
  2556 | D:2      | Killed Sigmund
  2557 | D:2      | Reached skill level 1 in Conjurations
  2557 | D:2      | Reached skill level 1 in Hexes
  2557 | D:2      | Reached skill level 1 in Summonings
  2557 | D:2      | Reached skill level 1 in Translocations
  2557 | D:2      | Reached skill level 1 in Transmutations
  2557 | D:2      | Reached skill level 1 in Fire Magic
  2557 | D:2      | Reached skill level 1 in Ice Magic
  2557 | D:2      | Reached skill level 1 in Air Magic
  2557 | D:2      | Reached skill level 1 in Earth Magic
  2557 | D:2      | Reached XP level 4. HP: 13/35 MP: 3/8
  2557 | D:2      | Reached XP level 5. HP: 15/41 MP: 3/9
  3200 | D:2      | Reached XP level 6. HP: 40/47 MP: 7/10
  5296 | D:4      | Reached skill level 5 in Axes
  5777 | D:4      | Reached XP level 7. HP: 50/52 MP: 9/12
  5813 | D:4      | Noticed Pikel
  6421 | D:3      | Killed Pikel
  6422 | D:3      | Reached XP level 8. HP: 23/60 MP: 11/14
  6653 | D:5      | Entered Level 5 of the Dungeon
  6740 | D:5      | Noticed Prince Ribbit
  6808 | D:4      | Killed Prince Ribbit
  7064 | D:5      | Found a staircase to the Ecumenical Temple.
  7076 | D:5      | Noticed Menkaure
  7078 | Temple   | Entered the Ecumenical Temple
  7175 | Temple   | Became a worshipper of Warmaster Okawaru
  7194 | D:5      | Killed Menkaure
  7640 | D:5      | Reached * piety under Okawaru
  7847 | D:5      | Noticed Ijyb
  7862 | D:5      | Killed Ijyb
  8060 | D:5      | Reached skill level 5 in Necromancy
  8060 | D:5      | Reached skill level 5 in Poison Magic
  8060 | D:5      | Reached XP level 9. HP: 39/66 MP: 16/16
  8584 | D:5      | Found a shadowy altar of Dithmenos.
  8642 | D:6      | Noticed Grinder
  8691 | D:6      | Reached skill level 5 in Spellcasting
  8694 | D:6      | Learned a level 2 spell: Poisonous Vapours
  9461 | D:6      | Reached ** piety under Okawaru
  9471 | D:6      | Reached skill level 5 in Fighting
  9471 | D:6      | Reached skill level 5 in Throwing
  9471 | D:6      | Reached skill level 5 in Shields
 10095 | D:6      | Found a hazy altar of Hepliaklqana.
 10169 | D:6      | Found a basalt altar of Yredelemnul.
 10234 | D:6      | Found Jeutrari's Gadget Emporium.
 10408 | D:6      | Found Tiotous's Book Shop.
 10776 | D:6      | Paralysed by Grinder for 3 turns
 10785 | D:6      | Killed Grinder
 10786 | D:6      | Reached skill level 5 in Invocations
 11206 | D:7      | Reached XP level 10. HP: 74/74 MP: 16/18
 11226 | D:7      | Found a glowing golden altar of the Shining One.
 12248 | D:8      | Reached skill level 5 in Short Blades
 12248 | D:8      | Reached skill level 5 in Long Blades
 12248 | D:8      | Reached skill level 5 in Maces & Flails
 12248 | D:8      | Reached skill level 5 in Polearms
 12248 | D:8      | Reached skill level 5 in Staves
 12248 | D:8      | Reached skill level 5 in Slings
 12248 | D:8      | Reached skill level 5 in Bows
 12248 | D:8      | Reached skill level 5 in Crossbows
 12248 | D:8      | Reached skill level 5 in Armour
 12248 | D:8      | Reached skill level 5 in Dodging
 12248 | D:8      | Reached skill level 5 in Stealth
 12248 | D:8      | Reached skill level 5 in Unarmed Combat
 12248 | D:8      | Reached skill level 5 in Evocations
 12295 | D:8      | Found a staircase to the Lair.
 12780 | D:8      | Found a sparkling altar of Nemelex Xobeh.
 12780 | D:8      | Found a blossoming altar of Fedhas.
 13159 | D:9      | Found a snail-covered altar of Cheibriados.
 13326 | D:9      | Reached *** piety under Okawaru
 13756 | D:9      | Got a fine mace
 13798 | D:9      | Learned a level 3 spell: Mephitic Cloud
 14014 | D:9      | Noticed Maggie
 14020 | D:9      | Killed Maggie
 14020 | D:9      | Reached **** piety under Okawaru
 14053 | D:9      | Found a sparkling altar of Nemelex Xobeh.
 14504 | D:10     | Entered Level 10 of the Dungeon
 14598 | D:10     | Found Inom's Assorted Antiques.
 14711 | D:10     | Reached XP level 11. HP: 81/83 MP: 17/20
 15933 | D:10     | Identified 2 scrolls of acquirement
 15934 | D:10     | Acquired a +0 cloak of preservation
 15947 | D:10     | Acquired the +7 buckler of the Valley of Death {Str-2 Int+5
                  | SInv}
 16223 | Lair:1   | Entered Level 1 of the Lair of Beasts
 16227 | D:8      | Reached skill level 5 in Conjurations
 16227 | D:8      | Reached skill level 5 in Hexes
 16227 | D:8      | Reached skill level 5 in Summonings
 16227 | D:8      | Reached skill level 5 in Translocations
 16227 | D:8      | Reached skill level 5 in Transmutations
 16227 | D:8      | Reached skill level 5 in Fire Magic
 16227 | D:8      | Reached skill level 5 in Ice Magic
 16227 | D:8      | Reached skill level 5 in Air Magic
 16227 | D:8      | Reached skill level 5 in Earth Magic
 16255 | D:8      | Reached ***** piety under Okawaru
 16667 | Lair:1   | Received a gift from Okawaru
 16914 | Lair:1   | Received a gift from Okawaru
 17043 | Lair:1   | Received a gift from Okawaru
 17654 | Lair:1   | Received a gift from Okawaru
 17655 | Lair:1   | Reached XP level 12. HP: 78/91 MP: 23/23
 17805 | Lair:1   | Learned a level 1 spell: Animate Skeleton
 18052 | Lair:2   | Found a staircase to the Swamp.
 18309 | Lair:2   | Received a gift from Okawaru
 18856 | Lair:2   | Noticed Fannar
 18869 | Lair:2   | Killed Fannar
 19429 | Lair:3   | Received a gift from Okawaru
 19503 | Lair:3   | Found a staircase to the Snake Pit.
 20411 | Lair:4   | Reached ****** piety under Okawaru
 20463 | Lair:4   | Received a gift from Okawaru
 20475 | Lair:4   | Received a gift from Okawaru
 20497 | Lair:4   | Received a gift from Okawaru
 20503 | Lair:4   | Got a translucent dire flail {god gift}
 20504 | Lair:4   | Identified the +3 mace "Uluh" {protect, rF- Int+7} (You
                  | found it on level 9 of the Dungeon)
 20675 | Lair:4   | Noticed a boulder beetle
 20682 | Lair:4   | Reached XP level 13. HP: 66/98 MP: 17/25
 21984 | Lair:5   | Found a runed translucent door.
 21999 | Lair:5   | Got a warped buckler
 22010 | Lair:5   | Identified the cursed +0 buckler of Cica {*Corrode Int+8
                  | Slay-5 Stlth+} (You found it on level 5 of the Lair of
                  | Beasts)
 22534 | Lair:5   | Found a viscous altar of Jiyva.
 22534 | Lair:5   | Found a staircase to the Slime Pits.
 22536 | Lair:5   | Received a gift from Okawaru
 23188 | Lair:5   | Got a pitted emerald amulet
 23199 | Lair:5   | Identified the amulet of Libeak {Faith *Contam *Slow rN+
                  | Int+7} (You found it on level 5 of the Lair of Beasts)
 23220 | Lair:5   | Got a warped hat
 23231 | Lair:5   | Identified the +1 hat "Ler Nose" {rF+ rN+} (You found it on
                  | level 5 of the Lair of Beasts)
 23407 | Lair:6   | Entered Level 6 of the Lair of Beasts
 23558 | Lair:6   | Received a gift from Okawaru
 23568 | Lair:5   | HP: 3/100 [cane toad (15)]
 24068 | Lair:6   | Received a gift from Okawaru
 25510 | Lair:5   | Received a gift from Okawaru
 25519 | Lair:5   | Reached XP level 14. HP: 53/108 MP: 27/27
 25737 | Lair:5   | Received a gift from Okawaru
 25943 | Lair:6   | Reached skill level 10 in Axes
 25970 | Lair:6   | Received a gift from Okawaru
 26013 | Lair:6   | Received a gift from Okawaru
 26399 | Lair:6   | Received a gift from Okawaru
 26690 | Lair:5   | Reached skill level 10 in Invocations
 26704 | Lair:5   | Slain by a death yak

Illustrated notes

Levels and vault maps discovered:
D:1:      dpeg_arrival_arbitrary_b, layout_basic, lemuel_old_faithful
D:2:      layout_loops_cross, uniq_sigmund
D:3:      layout_basic
D:4:      layout_cave_pools, uniq_pikel
D:5:      layout_basic, temple_pool_b, grunt_dithmenos_shadows,
          uniq_prince_ribbit1, uniq_ijyb, uniq_menkaure
D:6:      layout_gridville, grunt_temple_overflow_open, serial_shops,
          nicolae_shop_waterfront, shop, serial_co_window_serial,
          co_window_corner_a, co_window_paths_a, co_window_corner_a,
          co_window_corner_a, co_window_corner_a, co_window_corner_a,
          co_window_of_opportunity_a, co_window_paths_b, co_window_corner_a,
          co_window_corner_b, co_window_broadway_b, co_window_2corner,
          co_window_2corner, co_window_paths_c, co_window_unsneaky_path_a,
          uniq_grinder
D:7:      layout_cave_pods, lemuel_doored_altar, kb_lookout_dungeons_type
D:8:      layout_gridville, gammafunk_temple_overflow_pools,
          grunt_lair_entry_orc_guard_hut, chequers_serial_rivers_room_b
D:9:      layout_loops_ring, marbit_many_paths, basic_altar,
          hangedman_abyss_or_decor_passed, uniq_maggie
D:10:     layout_basic, serial_shops, nicolae_shop_trees
Temple:   regret_index_temple_sphere_string
Lair:1:   layout_chaotic_city, serial_bayou_pond_b,
          hangedman_lair_unloving_vines
Lair:2:   layout_gridlike, skrybe_swamp_entry_bodies, uniq_fannar
Lair:3:   layout_regular_city, guppyfry_snake_entry_island, grunt_megastairs_4
Lair:4:   layout_long_grid
Lair:5:   gammafunk_indiana_jones, layout_misc_corridors,
          dpeg_slime_entry_enclosed_altar, small_statue_intersection,
          cheibrodos_lair_caveside_slide, minivault_19
Lair:6:   minmay_lair_end_frog_pond, layout_long_grid, special_room
          [special_room_mythical_zoo], wad_woods_river_03

Skill      XL: |  1  2  3  4  5  6  7  8  9 10 11 12 13 14 |
---------------+-------------------------------------------+-----
Invocations    | 1 2 3 4 5 6 7 8 9 10 | 10.0
Short Blades   | 1 2 3 4 5 6 7 8 9 |  9.2
Long Blades    | 1 2 3 4 5 6 7 8 9 |  9.2
Maces & Flails | 1 2 3 4 5 6 7 8 9 |  9.2
Polearms       | 1 2 3 4 5 6 7 8 9 |  9.2
Staves         | 1 2 3 4 5 6 7 8 9 |  9.2
Slings         | 1 2 3 4 5 6 7 8 9 |  9.2
Bows           | 1 2 3 4 5 6 7 8 9 |  9.2
Crossbows      | 1 2 3 4 5 6 7 8 9 |  9.2
Armour         | 1 2 3 4 5 6 7 8 9 |  9.2
Dodging        | 1 2 3 4 5 6 7 8 9 |  9.2
Stealth        | 1 2 3 4 5 6 7 8 9 |  9.2
Unarmed Combat | 1 2 3 4 5 6 7 8 9 |  9.2
Evocations     | 1 2 3 4 5 6 7 8 9 |  9.2
Fighting       | 3 4 5 6 7 8 9 |  9.5
Throwing       | 3 4 5 6 7 8 9 |  9.5
Shields        | 3 4 5 6 7 8 9 |  9.5
Spellcasting   | 3 4 5 6 7 8 9 |  9.6
Conjurations   | 1 2 3 4 5 6 7 |  7.6
Hexes          | 1 2 3 4 5 6 7 |  7.6
Summonings     | 1 2 3 4 5 6 7 |  7.6
Necromancy     | 4 5 6 7 8 |  8.6
Translocations | 1 2 3 4 5 6 7 |  7.6
Transmutations | 1 2 3 4 5 6 7 |  7.6
Fire Magic     | 1 2 3 4 5 6 7 |  7.6
Ice Magic      | 1 2 3 4 5 6 7 |  7.6
Air Magic      | 1 2 3 4 5 6 7 |  7.6
Earth Magic    | 1 2 3 4 5 6 7 |  7.6
Poison Magic   | 4 5 6 7 8 |  8.6
Axes           | 5 6 7 8 9 10 | 10.2

Action                   |  1- 3 |  4- 6 |  7- 9 | 10-12 | 13-15 || total
-------------------------+-------+-------+-------+-------+-------++-------
Melee: Club              |    18 |       |       |       |       ||    18
       Hand axe          |    77 |   141 |    92 |       |       ||   310
       Bite              |     7 |    31 |    28 |    60 |    51 ||   177
       Punch             |     1 |     2 |     6 |     6 |       ||    15
       Unarmed           |       |    83 |   140 |       |       ||   223
       War axe           |       |       |    45 |   479 |   341 ||   865
       Mace              |       |       |       |       |    43 ||    43
Throw: Boomerang         |       |       |   102 |    55 |    27 ||   184
       Javelin           |       |       |       |       |    16 ||    16
 Cast: Sting             |    23 |    51 |    67 |       |     1 ||   142
       Poisonous Vapours |       |       |       |   146 |       ||   146
       Mephitic Cloud    |       |       |       |    16 |    46 ||    62
       Animate Skeleton  |       |       |       |     3 |     4 ||     7
Invok: Heroism           |       |       |     1 |     2 |    14 ||    17
  Use: Scroll            |     6 |     3 |     6 |    11 |     6 ||    32
       Potion            |       |       |     3 |     1 |     3 ||     7
 Stab: Sleeping          |       |       |     1 |     4 |     2 ||     7
       Confused          |       |       |       |     5 |    30 ||    35
       Distracted        |       |       |       |       |     1 ||     1
Armor: Robe              |    41 |    85 |       |       |       ||   126
       Ring mail         |       |     8 |   155 |   118 |    91 ||   372
       Scale mail        |       |     5 |       |       |       ||     5
Dodge: Dodged            |    95 |   196 |   177 |   323 |   274 ||  1065
Block: Buckler           |       |       |       |   209 |   325 ||   534
